 Dungeon Crawl Stone Soup version 0.32-a0-163-g159c032296 (webtiles) character file.

Game seed: 17830031948041225133

3108 zeratav the Placeless Oni (level 9, 0/96 HPs)
             Began as an Oni Warper on Feb 11, 2024.
             Was an Initiate of the Shining One.
             Killed from afar by a gargoyle (3 damage)
             ... with a stone arrow
             ... on level 8 of the Dungeon.
             The game lasted 00:17:40 (11198 turns).

zeratav the Placeless Oni (Oni Warper)             Turns: 11198, Time: 00:17:41

Health: 0/96       AC: 12    Str: 21    XL:     9   Next: 90%
Magic:  12/12      EV:  9    Int: 14    God:    the Shining One [......]
Gold:   323        SH:  0    Dex:  8    Spells: 6/12 levels left

rFire   . . .        E - +1 flail (protect) {mace}
rCold   . . .        t - orb of Nulaf {mayhem, rPois Will+ Slay+3}
rNeg    + . .        b - +0 robe
rPois   +            (helmet restricted)
rElec   .            c - +1 cloak
rCorr   +            (gloves unavailable)
SInv    .            (boots unavailable)
Will    +....        (no amulet)
Stlth   +            n - ring of resist corrosion
HPRegen 0.36/turn    x - ring of positive energy
MPRegen 0.13/turn

%: mayhem
@: under a protective aura, glowing
A: large, unfitting armour, horns 1, tough skin 1, double potion healing,
drunken brawling, mutation resistance 1
a: Renounce Religion


You were on level 8 of the Dungeon.
You worshipped the Shining One.
The Shining One was noncommittal.
You visited 2 branches of the dungeon, and saw 9 of its levels.

You collected 323 gold pieces.


Innate Abilities, Weirdness & Mutations

You are too large for most types of armour.
You have a pair of small horns on your head.
You have tough skin. (AC +1)
You gain doubled healing and magic from potions.
Whenever you drink a healing potion, you attack all around you.
You are somewhat resistant to further mutation.


   Skills:
 - Level 8.0 Fighting
 - Level 6.0 Maces & Flails
 - Level 1.0 Throwing
 - Level 2.1 Dodging
 - Level 2.4 Spellcasting
 + Level 10.3 Translocations


You had 6 spell levels left.
You knew the following spells:

 Your Spells              Type           Power      Damage    Failure   Level
a - Blink                 Tloc           60%        N/A       1%          2
b - Manifold Assault      Tloc           30%        N/A       3%          4

Your spell library contained the following spells:

 Spells                   Type           Power      Damage    Failure   Level
 Lesser Beckoning         Tloc           60%        N/A       1%          2
 Teleport Other           Tloc           30%        N/A       1%          3
 Vhi's Electric Charge    Tloc/Air       32%        N/A       26%         4
 Call Imp                 Summ           2%         N/A       34%         2
 Ensorcelled Hibernation  Hex/Ice        2%         N/A       34%         2
 Sublimation of Blood     Necr           1%         N/A       34%         2
 Fugue of the Fallen      Necr           1%         N/A       56%         3
 Ozocubu's Armour         Ice            1%         N/A       56%         3
 Anguish                  Hex/Necr       0%         N/A       92%         4
 Olgreb's Toxic Radiance  Alch           1%         N/A       92%         4
 Metabolic Englaciation   Hex/Ice        0%         N/A       99%         5
 Sculpt Simulacrum        Ice/Alch       0%         N/A       100%        6
 Ozocubu's Refrigeration  Ice            0%         4d7       100%        7
 Summon Hydra             Summ           0%         N/A       100%        7
 Discord                  Hex            0%         N/A       100%        8

Inventory:

Hand Weapons
 h - a +0 eveningstar of venom {macerare=g}
   (You acquired it on level 4 of the Dungeon)
 u - the +5 great mace of Charity {heavy, rElec, mace}
   (You found it on level 5 of the Dungeon)

   rElec:     It insulates you from electricity.
 E - a +1 flail of protection (weapon) {mace}
   (You took it off a gnoll on level 7 of the Dungeon)
Missiles
 a - a curare-tipped dart {=fthrowing}
 d - 7 darts of dispersal {=fthrowing}
 l - 15 poisoned darts {throwing}
 D - a throwing net {=fthrowing}
Armour
 b - a +0 robe (worn)
 c - a +1 cloak (worn)
   (You found it on level 3 of the Dungeon)
 t - the orb of Nulaf (worn) {mayhem, rPois Will+ Slay+3}
   (You took it off an orc on level 5 of the Dungeon)

   Slay+3:    It affects your accuracy & damage with ranged weapons and melee
   (+3).
   rPois:     It protects you from poison Will+: It increases your willpower.
Jewellery
 n - a ring of resist corrosion (left hand)
   (You found it on level 5 of the Dungeon)
 r - a ring of wizardry
   (You found it on level 3 of the Dungeon)
 x - a ring of positive energy (right hand)
   (You found it on level 6 of the Dungeon)
Wands
 q - a wand of iceblast (16)
   (You found it on level 5 of the Dungeon)
 s - a wand of paralysis (7) (quivered)
   (You found it on level 4 of the Dungeon)
Scrolls
 e - a scroll of poison {!r}
 j - 2 scrolls of teleportation {@r4}
 k - 2 scrolls of immolation {unknown}
 p - 2 scrolls of enchant weapon
 v - 2 scrolls of blinking {!r}
 y - 2 scrolls of identify {unknown}
 B - a scroll of vulnerability {!r!r}
Potions
 f - a potion of resistance
 g - a potion of attraction {!q}
 i - a potion of mutation {!q}
 m - 3 potions of curing {@q1}
 o - a potion of might
 w - 2 potions of ambrosia
 z - a potion of enlightenment {unknown}
 A - a potion of magic {unknown}
 C - a potion of haste {unknown}
 F - a potion of lignification {unknown}

Dungeon Overview and Level Annotations

Branches:
Dungeon (8/15) Zot: 26515  Temple (1/1) D:7 Zot: 5924
   Lair: D:8-11

Altars:
Cheibriados
Dithmenos
Elyvilon
Fedhas
Hepliaklqana
Kikubaaqudgha
Makhleb
Nemelex Xobeh
Okawaru
Qazlal
Ru
Sif Muna
Trog
Uskayaw
Vehumet
Wu Jian
Xom
Yredelemnul
Zin
The Shining One

Annotations:
D:3 1 runed translucent door, Gangsterbeez's ghost, amateur GrFi
D:4 exclusion: downstairs

..... ##..#
##..####....(...
......###...
##..##.......##
.......#...#
#............# ...........
##...........# ..........#
##......##...# ..........#
###......####..#
..........#######...###..#
##.. ..............##..###
#..# ##.
.........##...9@.## ##.# #
........######..## #..
........# ##.# ##.#
...#....# #.# #. ##...#
#.# # #...# #.# ##..# #.#
#.## .##


You could see a gargoyle.


Message History

No target in view!
No target in view!
No target in view!
No target in view!
Things that are here:
a +0 club {mace}; a +0 leather armour An orc is nearby!
HP[+8]
Your hp is fully restored (96).
An orc is nearby!
An orc is nearby!
The orc shouts!
You hit the orc.
Your weapon exudes an aura of protection.
You kill the orc!
No target in view!
No target in view!
No target in view!
No target in view!
No target in view!
No target in view!
No target in view!
No target in view!
No target in view!
No target in view!
No target in view!
No target in view!
No target in view!
w - 2 potions of ambrosia (gained 1)
A gargoyle comes into view. It is wielding a +0 mace.
A gargoyle is nearby!
Aiming: Paralyse
Press: ? - help, Q - select action, (/) - cycle Shift-Dir - straight line, f - gargoyle
Aim: a gargoyle, wielding a +0 mace (chance to affect: 31%)
Okay, then.
The gargoyle hurls a stone arrow at you.
The stone arrow hits you!
HP[-12]
You take 12 damage, and now have 84/96 hp.
Aiming: Paralyse
Press: ? - help, Q - select action, (/) - cycle Shift-Dir - straight line, f - gargoyle
Aim: a gargoyle, wielding a +0 mace (chance to affect: 31%)
The gargoyle easily resists.
HP[+1]
Aiming: Paralyse
Press: ? - help, Q - select action, (/) - cycle Shift-Dir - straight line, f/p - gargoyle
Aim: a gargoyle, wielding a +0 mace (chance to affect: 31%)
The gargoyle easily resists.
The gargoyle hurls a stone arrow at you.
The stone arrow hits you!!
HP[-22]
You take 22 damage, and now have 63/96 hp.
MASSIVE DAMAGE!! (PAUSE)
Aiming: Paralyse
Press: ? - help, Q - select action, (/) - cycle Shift-Dir - straight line, f/p - gargoyle
Aim: a gargoyle, wielding a +0 mace (chance to affect: 31%)
The gargoyle easily resists.
The gargoyle hurls a stone arrow at you.
The stone arrow hits you!!
* * * LOW HITPOINT WARNING * * *
HP[-19]
You take 19 damage, and now have 44/96 hp.
Aiming: Paralyse
Press: ? - help, Q - select action, (/) - cycle Shift-Dir - straight line, f/p - gargoyle
Aim: a gargoyle, wielding a +0 mace (chance to affect: 31%)
The gargoyle easily resists.
HP[+1]
Aiming: Paralyse
Press: ? - help, Q - select action, (/) - cycle Shift-Dir - straight line, f/p - gargoyle
Aim: a gargoyle, wielding a +0 mace (chance to affect: 31%)
The gargoyle easily resists.
The gargoyle hurls a stone arrow at you.
The stone arrow hits you!!
* * * LOW HITPOINT WARNING * * *
HP[-32]
You take 32 damage, and now have 13/96 hp.
MASSIVE DAMAGE!! (PAUSE)
Aiming: Paralyse
Press: ? - help, Q - select action, (/) - cycle Shift-Dir - straight line, f/p - gargoyle
Aim: a gargoyle, wielding a +0 mace (chance to affect: 31%)
The gargoyle suddenly stops moving!
HP[+1]
You hit the gargoyle.
Your weapon exudes an aura of protection.
You hit the gargoyle.
You headbutt the gargoyle, but do no damage.
HP[+1]
You hit the gargoyle but do no damage.
You headbutt the gargoyle, but do no damage.
You sock the gargoyle!
You headbutt the gargoyle, but do no damage.
You hit the gargoyle but do no damage.
The gargoyle is no longer paralysed.
The gargoyle hits you with a +0 mace!
* * * LOW HITPOINT WARNING * * *
HP[-12]
You take 12 damage, and now have 3/96 hp.
You barely miss the gargoyle.
The gargoyle hurls a stone arrow at you.
The stone arrow hits you.
You die...

Skill      XL: |  1  2  3  4  5  6  7  8  9 |
---------------+----------------------------+-----
Fighting       | 3 4 5 7 8 |  8.0
Maces & Flails | 3 4 5 6 |  6.0
Translocations | 4 7 10 | 10.3
Throwing       | |  1.0
Dodging        | |  2.1
Spellcasting   | |  2.4

Action                     |  1- 3 |  4- 6 |  7- 9 || total
---------------------------+-------+-------+-------++-------
  Melee: Mace              |   121 |   210 |   390 ||   721
         Headbutt          |    17 |    34 |    91 ||   142
         Punch             |     1 |     3 |     2 ||     6
         Flail             |       |       |    37 ||    37
  Evoke: Wand              |       |       |     6 ||     6
    Use: Scroll            |       |     1 |     6 ||     7
         Potion            |       |     1 |     8 ||     9
   Stab: Sleeping          |       |     2 |       ||     2
 Armour: Robe              |   108 |   245 |   405 ||   758
  Dodge: Dodged            |    68 |   160 |   239 ||   467

Levels and vault maps discovered:
D:1:      dpeg_arrival_water_fire, layout_loops_ring
D:2:      layout_loops_ring, shapermc_ecumenical_altar_gd, serial_undead,
          serial_undead_f, serial_undead_f, serial_undead_b, serial_undead_f,
          serial_undead_f, serial_undead_e, serial_undead_c, serial_undead_b,
          serial_undead_e, serial_undead_d, minmay_misc_feat_five, uniq_jessica
D:3:      minmay_skewed_foursquare, layout_rooms, ebering_ghost_reflecting_pool,
          uniq_robin, uniq_sigmund
D:4:      layout_basic
D:5:      layout_basic, uniq_menkaure, uniq_grinder
D:6:      layout_layer_cave
D:7:      layout_loops_ring, minitemple, temple_green, kennysheep_generic_room_4
D:8:      layout_layer_cave, special_room [special_room_orc], serial_shops,
          kennysheep_little_box, minivault_19, serial_bayou_pond_c, uniq_pikel,
          uniq_erica
Temple:   regret_index_temple_generic_petals

Notes
Turn   | Place    | Note
-------+----------+-------------------------------------------
     0 | D:1      | zeratav the Oni Warper began the quest for the Orb.
     0 | D:1      | Reached XP level 1. HP: 22/22 MP: 3/3
     0 | D:1      | magus.rc [v1.9.6]
   179 | D:1      | Reached skill level 3 in Fighting
   194 | D:1      | Reached XP level 2. HP: 27/31 MP: 5/5
   596 | D:1      | Reached XP level 3. HP: 39/39 MP: 6/6
  1192 | D:2      | Reached skill level 4 in Fighting
  1192 | D:2      | Reached skill level 3 in Maces & Flails
  1195 | D:2      | HP: 9/39 [poisoned by an adder]
  1195 | D:2      | HP: 4/39 [frozen (5)]
  1349 | D:2      | Noticed Jessica
  1482 | D:2      | Killed Jessica
  1483 | D:2      | Reached XP level 4. HP: 19/49 MP: 7/7
  1926 | D:2      | Found a faded altar of an unknown god.
  2058 | D:2      | Reached skill level 5 in Fighting
  2355 | D:2      | Reached XP level 5. HP: 49/57 MP: 8/8
  2441 | D:3      | You fall into a shaft and drop 1 floor!
  2492 | D:4      | Reached skill level 4 in Maces & Flails
  2564 | D:3      | Noticed Robin
  2576 | D:4      | HP: 13/57 [goblin/+0 dagger[Robin] (2)]
  2756 | D:4      | HP: 14/59 [poisoned by an adder]
  2765 | D:4      | HP: 9/59 [goblin/+0 club[Robin] (4)]
  2956 | D:3      | Killed Robin
  3125 | D:3      | You add the spells Olgreb's Toxic Radiance, Ozocubu's
                  | Refrigeration and Discord to your library.
  3204 | D:3      | Reached XP level 6. HP: 55/67 MP: 9/9
  3290 | D:3      | Reached skill level 6 in Fighting
  3753 | D:3      | Noticed Sigmund
  3769 | D:3      | Killed Sigmund
  3770 | D:3      | Reached skill level 5 in Maces & Flails
  3884 | D:3      | Found a runed translucent door.
  3885 | D:3      | Noticed Gangsterbeez's ghost (amateur GrFi)
  3969 | D:4      | Reached skill level 7 in Fighting
  4007 | D:4      | Reached XP level 7. HP: 73/78 MP: 10/10
  4039 | D:4      | You pick up a book of Dreams and begin reading...
  4039 | D:4      | You add the spells Ensorcelled Hibernation, Fugue of the
                  | Fallen and Anguish to your library.
  4968 | D:5      | Entered Level 5 of the Dungeon
  5063 | D:4      | HP: 15/78 [orc/+0 mace (5)]
  5265 | D:4      | HP: 7/78 [ogre/+0 giant club (14)]
  5267 | D:4      | Reached skill level 6 in Maces & Flails
  5268 | D:4      | HP: 1/79 [burnt (4)]
  5273 | D:4      | HP: 10/79 [burnt (5)]
  5286 | D:4      | Reached skill level 8 in Fighting
  5397 | D:4      | Identified a scroll of acquirement
  5397 | D:4      | Acquired a +0 eveningstar of venom
  5398 | D:4      | h - a +0 eveningstar of venom {macerare=g}
  5498 | D:5      | Noticed Grinder
  5517 | D:4      | Reached skill level 3 in Translocations
  5581 | D:4      | Gained mutation: You are somewhat resistant to further
                  | mutation. [potion of mutation]
  5661 | D:5      | Paralysed by Grinder for 4 turns
  5676 | D:5      | Paralysed by Grinder for 3 turns
  5694 | D:5      | HP: 19/80 [Grinder (2)]
  5703 | D:5      | Killed Grinder
  5704 | D:5      | Reached skill level 4 in Translocations
  5704 | D:5      | Reached XP level 8. HP: 59/88 MP: 11/11
  5793 | D:5      | Learned a level 2 spell: Blink
  5798 | D:5      | Learned a level 4 spell: Manifold Assault
  5824 | D:5      | Reached skill level 5 in Translocations
  6358 | D:5      | Identified the orb of Nulaf {mayhem, rPois Will+ Slay+3}
  6450 | D:5      | HP: 20/88 [ogre/+0 giant club (20)]
  6453 | D:5      | Reached skill level 6 in Translocations
  6762 | D:5      | Noticed Menkaure
  6773 | D:5      | Killed Menkaure
  6801 | D:5      | Identified the +5 great mace of Charity {heavy, rElec}
  6844 | D:5      | Reached skill level 7 in Translocations
  7357 | D:6      | Reached XP level 9. HP: 89/96 MP: 12/12
  7551 | D:6      | Reached skill level 8 in Translocations
  8029 | D:6      | Identified the +4 war axe "Hisuenit" {flame, rElec Int+2
                  | Dex+3 SInv}
  8923 | D:7      | Found a staircase to the Ecumenical Temple.
  8930 | Temple   | Entered the Ecumenical Temple
  8968 | Temple   | Became a worshipper of the Shining One
  9029 | D:7      | You pick up a book of Blood and begin reading...
  9029 | D:7      | You add the spells Call Imp, Sublimation of Blood and
                  | Summon Hydra to your library.
  9043 | D:7      | Found a radiant altar of Vehumet.
  9063 | D:7      | Found a snail-covered altar of Cheibriados.
  9064 | D:7      | Found a shimmering blue altar of Sif Muna.
  9065 | D:7      | Found a bloodstained altar of Trog.
  9068 | D:7      | Found a basalt altar of Yredelemnul.
  9117 | D:7      | Identified the +0 ring mail of Satisfaction {rF+ rN+ rCorr}
  9267 | D:7      | You pick up a book of Winter and begin reading...
  9267 | D:7      | You add the spells Ozocubu's Armour, Metabolic Englaciation
                  | and Sculpt Simulacrum to your library.
  9317 | D:7      | Reached skill level 9 in Translocations
 10235 | D:7      | Reached skill level 10 in Translocations
 11173 | D:8      | Noticed a gargoyle
 11190 | D:8      | HP: 13/96 [gargoyle/stone arrow (32)]
 11197 | D:8      | HP: 3/96 [gargoyle/+0 mace (13)]
 11198 | D:8      | Killed from afar by a gargoyle

Vanquished Creatures
  Grinder (D:5)
  Sigmund (D:3)
  A wyvern (D:7)
  Menkaure (D:5)
  2 water moccasins (D:6)
  An orc warrior (D:8)
  2 ice beasts
  A black bear (D:5)
  3 ogres
  A centaur (D:6)
  A phantom (D:6)
  A kobold brigand (D:7)
  4 bullfrogs
  2 scorpions
  A lava snake (D:7)
  4 hounds
  2 jellies (D:6)
  3 bombardier beetles
  3 gnoll boudas
  2 orc priests
  Jessica (D:2)
  3 iguanas
  3 orc wizards
  Robin (D:3)
  9 adders
  12 gnolls
  A white imp (D:5)
  4 ufetubi
  2 adder zombies (D:2)
  A ribbon worm (D:2)
  2 dart slugs
  33 orcs
  12 ball pythons
  7 bats
  A bat skeleton (D:2)
  A bat zombie (D:2)
  9 endoplasms
  5 giant cockroaches
  14 goblins
  9 hobgoblins
  5 jackals
  6 quokkas
  6 frilled lizards
  9 kobolds
  A quokka zombie (D:2)
  3 rats
197 creatures vanquished.

Vanquished Creatures (collateral kills)
  An iguana (D:7)
  6 orcs
  A kobold (D:7)
8 creatures vanquished.

Vanquished Creatures (others)
  An orc (D:7)
  A kobold (D:7)
2 creatures vanquished.

Grand Total: 207 creatures vanquished

Table legend:
 A = Non-vault XP
 B = Vault XP
 C = Vault XP percentage of total XP
 D = Non-vault monster count
 E = Vault monster count
 F = Vault count percentage of total count
                 A         B        C        D         E       F
            +---------+---------+-------+---------+---------+-------
      Total |    3475 |     965 |  21.7 |     166 |      39 |  19.0
            +---------+---------+-------+---------+---------+-------
        D:1 |      43 |       0 |   0.0 |      26 |       0 |   0.0
        D:2 |      70 |      53 |  43.1 |      27 |       6 |  18.2
        D:3 |      50 |     268 |  84.3 |      13 |      10 |  43.5
        D:4 |     550 |      17 |   3.0 |      34 |       9 |  20.9
        D:5 |     739 |     437 |  37.2 |      14 |       2 |  12.5
        D:6 |     953 |       0 |   0.0 |      16 |       0 |   0.0
        D:7 |     888 |      37 |   4.0 |      31 |       1 |   3.1
        D:8 |     182 |     153 |  45.7 |       5 |      11 |  68.8
            +---------+---------+-------+---------+---------+-------

Skill      XL: |  1  2  3  4  5  6  7  8  9 |
---------------+----------------------------+-----
Fighting       | 3 4 5 7 8 |  8.0
Maces & Flails | 3 4 5 6 |  6.0
Translocations | 4 7 10 | 10.3
Throwing       | |  1.0
Dodging        | |  2.1
Spellcasting   | |  2.4

Action                     |  1- 3 |  4- 6 |  7- 9 || total
---------------------------+-------+-------+-------++-------
  Melee: Mace              |   121 |   210 |   390 ||   721
         Headbutt          |    17 |    34 |    91 ||   142
         Punch             |     1 |     3 |     2 ||     6
         Flail             |       |       |    37 ||    37
  Evoke: Wand              |       |       |     6 ||     6
    Use: Scroll            |       |     1 |     6 ||     7
         Potion            |       |     1 |     8 ||     9
   Stab: Sleeping          |       |     2 |       ||     2
 Armour: Robe              |   108 |   245 |   405 ||   758
  Dodge: Dodged            |    68 |   160 |   239 ||   467

Illustrated notes

Table legend:
 A = Kills in this place as a percentage of kills in the entire game.
 B = Kills by you in this place as a percentage of kills by you in the entire game.
 C = Kills by friends in this place as a percentage of kills by friends in the entire game.
 D = Other kills in this place as a percentage of other kills in the entire game.
 E = Experience gained in this place as a percentage of experience gained in the entire game.
 F = Experience gained in this place divided by the number of levels of this place that you have seen.
                   A       B       C       D       E      F
               +-------+-------+-------+-------+-------+----------------------
         Total | 100.0 | 100.0 | 100.0 |   N/A | 100.0 | 493.3
       Dungeon | 100.0 | 100.0 | 100.0 |   N/A | 100.0 | 555.0
               +-------+-------+-------+-------+-------+----------------------

Table legend: (Time is in decaauts)
 A = Elapsed time spent in this place.
 B = Non-inter-level travel time spent in this place.
 C = Inter-level travel time spent in this place.
 D = Time resting spent in this place.
 E = Time spent auto-exploring this place.
 F = Levels seen in this place.
 G = Mean time per level.
                   A        B        C        D        E       F      G
               +--------+--------+--------+--------+--------+-----+--------+
         Total |  11336 |  10885 |    451 |   2690 |   6368 |   9 | 1259.6 |
       Dungeon |  11260 |  10884 |    376 |   2690 |   6368 |   8 | 1407.5 |
        Temple |     75 |      1 |     74 |      0 |      0 |   1 |   75.0 |
               +--------+--------+--------+--------+--------+-----+--------+

Top non-repeatable levels by time:
     D:4: 2301 daAuts
     D:6: 1876 daAuts
     D:7: 1620 daAuts
     D:5: 1507 daAuts
     D:1: 1315 daAuts
     D:2: 1174 daAuts
     D:3: 980 daAuts
     D:8: 483 daAuts
  Temple: 75 daAuts
